AoeStats
← ♿Dreamzy

Highland

503867653Analyzed
2v2 RM · 7d ago on Sep 2, 2026· 56m 53s· 4 players
Game mode
Random Map
Map size
Medium (4 player)
Population
200
Speed
Normal
Resources
Standard
Victory
Conquest
Starting age
Dark Age
Ending age
Imperial Age
RankedLock teamsTeams togetherTeam positionsShared explorationLock speedFull tech treeHidden civsTurbo modeCheats
Victory
Defeat
🇳🇱 Japanese · Netherlands
1179
+13
🇳🇱 Dravidians · Netherlands
1094
+17
🇩🇪 Mongols · Germany
1122
-15
1115
-15
♿Dreamzy
7:19 Loom
9:58 Feudal Age
10:58 Double-Bit Axe
10:55 Horse Collar
16:41 Castle Age
15:34 Scale Barding Armor
17:40 Bow Saw
21:41 Wheelbarrow
24:21 Hand Cart
23:52 Town Watch
30:53 Imperial Age
29:16 Bloodlines
29:32 Ballistics
29:55 Stone Mining
29:58 Gold Mining
30:35 Fletching
31:31 Bodkin Arrow
31:57 Chain Barding Armor
31:40 Husbandry
31:43 Elite Mangudai
32:41 Bracer
35:18 Chemistry
40:47 Siege Engineers
42:06 Elite Skirmisher
42:51 Thumb Ring
43:40 Thumb Ring
43:42 Padded Archer Armor
43:17 Imperial Skirmisher
45:53 Leather Archer Armor
ruhiger entspannter Tiger Woods
3:35 Loom
10:47 Feudal Age
12:14 Double-Bit Axe
12:27 Gold Mining
14:18 Wheelbarrow
16:07 Horse Collar
17:40 Fletching
23:05 Castle Age
20:51 Town Watch
22:48 Padded Archer Armor
23:10 Crossbowman
23:56 Thumb Ring
24:53 Hand Cart
27:41 Elite Skirmisher
30:18 Bodkin Arrow
39:08 Bloodlines
38:18 Light Cavalry
43:09 Imperial Age
41:02 Ballistics
40:56 Husbandry
44:58 Chemistry
43:23 Imperial Skirmisher
46:34 Bracer
55:31 Bow Saw
Geoloco
7:14 Loom
10:01 Feudal Age
14:31 Castle Age
12:34 Gold Mining
12:59 Double-Bit Axe
14:47 Horse Collar
15:52 Bow Saw
15:24 Horse Collar
17:31 Town Watch
19:11 Wheelbarrow
18:44 Stone Mining
19:34 Wheelbarrow
18:59 Fishing Lines
20:56 Fletching
21:03 Pikeman
22:12 Heavy Plow
24:59 Scale Mail Armor
26:43 Hand Cart
26:46 Forging
26:57 Chain Mail Armor
27:39 Forging
28:27 Town Patrol
28:25 Bodkin Arrow
28:44 Squires
30:53 Iron Casting
33:30 Imperial Age
31:51 Gillnets
32:24 Padded Archer Armor
32:13 Gambesons
32:13 Arson
32:54 Ballistics
33:29 Yasama
34:16 Leather Archer Armor
34:13 Bloodlines
34:03 Husbandry
34:10 Thumb Ring
34:34 Capped Ram
35:24 Siege Engineers
34:43 Heavy Cavalry Archer
36:18 Bracer
37:05 Ring Archer Armor
37:47 Chemistry
37:40 Parthian Tactics
37:40 Guard Tower
37:37 Arrowslits
39:15 Kataparuto
40:32 Plate Mail Armor
39:32 Halberdier
41:17 Conscription
42:33 Blast Furnace
43:52 Hoardings
44:11 Keep
43:17 Treadmill Crane
44:33 Elite Samurai
48:14 Man-at-Arms
48:39 Gambesons
48:44 Long Swordsman
50:02 Coinage
49:39 Two-Handed Swordsman
51:26 Banking
50:56 Caravan
50:43 Champion
54:11 Two-Man Saw
55:44 Masonry
aledm58
8:11 Loom
10:19 Feudal Age
12:03 Double-Bit Axe
12:01 Horse Collar
17:22 Castle Age
15:52 Gold Mining
16:28 Fletching
16:39 Padded Archer Armor
19:54 Bow Saw
21:41 Wheelbarrow
21:26 Bodkin Arrow
23:17 Leather Archer Armor
24:49 Thumb Ring
27:02 Ballistics
28:42 Husbandry
37:59 Imperial Age
37:50 Hand Cart
38:13 Elite Elephant Archer
39:16 Bracer
41:37 Ring Archer Armor
43:54 Light Cavalry
45:08 Heavy Plow
45:24 Scale Barding Armor
45:30 Forging
48:29 Siege Elephant
51:05 Chain Barding Armor
51:21 Iron Casting
52:10 Caravan
54:36 Squires
54:22 Gambesons
53:58 Man-at-Arms
Connection lost

Rejoining the realm…

Still unreachable

The connection could not be restored.

Session expired

The server has moved on; the page needs a fresh start.